 Dungeon Crawl Stone Soup version 0.19.4-10-g532645f (webtiles) character file.

542347 shpingle the Acrobat (level 25, -11/177 HPs)
             Began as a High Elf Gladiator on Feb 23, 2017.
             Was the Champion of the Shining One.
             Killed from afar by a titan (18 damage)
             ... with a bolt of lightning
             ... on level 5 of the Vaults on Feb 25, 2017.
             The game lasted 07:30:20 (71568 turns).

shpingle the Acrobat (High Elf Gladiator)          Turns: 71568, Time: 07:30:20

Health: -11/177    AC: 30    Str: 28    XL:     25   Next: 29%
Magic:  16/42      EV: 44    Int: 27    God:    the Shining One [******]
Gold:   3373       SH: 22    Dex: 40    Spells: 17 memorised, 8 levels left

rFire  + + .     SeeInvis .     a - +10 scimitar of Precise Incision {slice, +Fly Dex+7}
rCold  + + .     Gourm    .     Z - +5 fire dragon scales
rNeg   + + +     Faith    .     k - +3 buckler of Courage {*Drain rElec Dex+5 Stlth+}
rPois  +         Spirit   .     S - +2 hat of the High Council {Archmagi, Wiz- Stlth-}
rElec  +         Reflect  +     M - +2 cloak "Ziuskyith" {rF- rCorr Int+7}
rCorr  +         Harm     .     h - +0 pair of fencer's gloves {+Riposte Dex+3}
MR     +....     Rnd*Tele +     G - +2 pair of boots
Stlth  +.........               r - brooch of Shielding {Reflect SH+8}
                                C - ring "Contuc" {rC+ EV+4 Slay+2}
                                s - ring of protection from magic

@: mighty, brilliant, agile, resistant, vulnerable, glowing, repel missiles
A: claws 1, icy blue scales 1, blink, cold resistance 1, mutation resistance 1,
strong 1, teleportitis 1, subdued magic 3, MP-powered wands
a: Blink, Divine Shield, Cleansing Flame, Summon Divine Warrior, Renounce
Religion, Evoke Flight
}: 2/15 runes: barnacled, gossamer


You were on level 5 of the Vaults.
You worshipped the Shining One.
The Shining One was exalted by your worship.
You were not hungry.

You visited 10 branches of the dungeon, and saw 46 of its levels.
You also visited: Labyrinth, Ossuary, Bailey and Wizlab.

You collected 6248 gold pieces.
You spent 2875 gold pieces at shops.

Inventory:

Hand Weapons
 a - the +10 scimitar of Precise Incision (weapon) {slice, +Fly Dex+7}
   (You found it on level 9 of the Dungeon)

   It inflicts extra damage upon your enemies.
   It affects your dexterity (+7).
   It lets you fly.
 b - a +9 double sword of holy wrath
Missiles
 v - 4 throwing nets
 H - 22 javelins (quivered)
 T - 1512 arrows
Armour
 h - the +0 pair of fencer's gloves (worn) {+Riposte Dex+3}
   (You bought it in a shop on level 9 of the Dungeon)

   It affects your dexterity (+3).
 k - the +3 buckler of Courage (worn) {*Drain rElec Dex+5 Stlth+}
   (You bought it in a shop on level 2 of the Orcish Mines)

   It affects your dexterity (+5).
   It insulates you from electricity.
   It causes draining when unequipped.
   It makes you more stealthy.
 G - a +2 pair of boots (worn)
 M - the +2 cloak "Ziuskyith" (worn) {rF- rCorr Int+7}
   (You found it in a wizard's laboratory)

   It affects your intelligence (+7).
   It makes you vulnerable to fire.
   It protects you from acid and corrosion.
 S - the +2 hat of the High Council (worn) {Archmagi, Wiz- Stlth-}
   (You found it on level 1 of the Depths)

   It makes you less stealthy.
 Z - +5 fire dragon scales (worn)
Rods
 F - a +6 rod of inaccuracy (13/13)
   (You took it off a minotaur in a labyrinth)
Jewellery
 e - the ring "Vuofin" {rPois Str+3 Int+4 Dex+2}
   (You found it on level 6 of the Lair of Beasts)

   [ring of poison resistance]

   It affects your strength (+3).
   It affects your intelligence (+4).
   It affects your dexterity (+2).
   It protects you from poison.
 r - the brooch of Shielding (around neck) {Reflect SH+8}
   (You found it on level 13 of the Dungeon)

   [amulet of reflection]

   It shields you and reflects attacks.
   It affects your SH (+8).
 s - a ring of protection from magic (left hand)
 C - the ring "Contuc" (right hand) {rC+ EV+4 Slay+2}
   (You found it on level 3 of the Lair of Beasts)

   [ring of evasion]

   It affects your evasion (+4).
   It affects your accuracy and damage with ranged weapons and melee attacks
   (+2).
   It protects you from cold.
Wands
 f - a wand of iceblast (7/15)
 p - a wand of heal wounds (3/9)
 z - a wand of disintegration (21/24)
 A - a wand of paralysis (13/24)
 I - a wand of acid (10/15)
 J - a wand of teleportation (4/9)
 O - a wand of enslavement (6/24)
 Q - a wand of lightning (8/15)
 R - a wand of digging (18/24)
Scrolls
 d - a scroll of brand weapon
 g - 20 scrolls of teleportation
 o - a scroll of recharging
 q - 11 scrolls of remove curse
 x - 13 scrolls of identify
 y - 6 scrolls of fear
 D - 3 scrolls of magic mapping
 K - 6 scrolls of blinking
 P - 13 scrolls of fog
Potions
 i - 3 potions of cancellation
 t - 19 potions of curing
 B - 6 potions of heal wounds
 E - 5 potions of haste
 L - 2 potions of magic
 N - 8 potions of ambrosia
 U - 3 potions of agility
 V - 2 potions of might
 W - 9 potions of berserk rage
 Y - 3 potions of resistance
Books
 l - a book of Minor Magic

   Spells                             Type                      Level
   a - Magic Dart                     Conjuration                  1
   b - Blink                          Translocation                2
   c - Call Imp                       Summoning                    2
   d - Repel Missiles                 Charms/Air                   2
   e - Slow                           Hexes                        2
   f - Conjure Flame                  Conjuration/Fire             3
   g - Mephitic Cloud                 Conjuration/Poison/Air       3
Miscellaneous
 j - a phial of floods
 u - 2 phantom mirrors
 X - 3 sacks of spiders
Comestibles
 c - 2 slices of pizza


   Skills:
 + Level 16.2 Fighting
 - Level 14.0 Long Blades
 + Level 7.8 Throwing
 + Level 13.5 Armour
 * Level 21.2 Dodging
 + Level 12.3 Shields
 + Level 14.9 Spellcasting
 - Level 6.0 Conjurations
 - Level 7.0 Hexes
 - Level 11.4 Charms
 + Level 9.5 Summonings
   Level 4.0 Necromancy
 + Level 14.0 Translocations
 - Level 8.1 Transmutations
 - Level 7.0 Air Magic
 - Level 12.2 Invocations
 + Level 13.6 Evocations


You had 8 spell levels left.
You knew the following spells:

 Your Spells              Type           Power        Failure   Level  Hunger
a - Spectral Weapon       Hex/Chrm       ######..     1%          3    None
b - Song of Slaying       Chrm           ######..     1%          2    None
c - Sticks to Snakes      Tmut           ######..     1%          2    None
d - Shroud of Golubria    Chrm/Tloc      ######....   1%          2    None
e - Summon Lightning Spi  Summ/Air       ######..     1%          4    None
f - Apportation           Tloc           ######....   0%          1    None
g - Summon Small Mammal   Summ           ####         1%          1    None
h - Portal Projectile     Tloc           ######       1%          3    None
i - Repel Missiles        Chrm/Air       ######       1%          2    None
j - Static Discharge      Conj/Air       ######..     1%          3    None
k - Summon Butterflies    Summ           ######..     1%          1    None
l - Call Canine Familiar  Summ           ######..     1%          3    None
m - Passwall              Tmut/Erth      #####.....   1%          2    None
n - Lesser Beckoning      Tloc           ######....   1%          3    None
o - Passage of Golubria   Tloc           N/A          1%          4    None
p - Summon Forest         Summ/Tloc      ######....   1%          5    None
q - Force Lance           Conj/Tloc      ######..     1%          4    None


Dungeon Overview and Level Annotations

Branches:
Dungeon (15/15)            Temple (1/1) D:4            Lair (6/6) D:8
 Shoals (4/4) Lair:3       Spider (4/4) Lair:3        Slime (1/5) Lair:5
    Orc (2/2) D:12            Elf (0/3) Orc:2        Vaults (5/5) D:13
  Crypt (3/3) Vaults:2       Tomb (0/3) Crypt:3      Depths (5/5) D:15
    Zot (0/5) Depths:5

Altars:
Ashenzari
Cheibriados
Dithmenos
Elyvilon
Fedhas
Gozag
Hepliaklqana
Kikubaaqudgha
Makhleb
Nemelex Xobeh
Okawaru
Qazlal
Ru
Sif Muna
Trog
Uskayaw
Vehumet
Xom
Yredelemnul
Zin
The Shining One

Shops:
D:9 *   Orc:1 *   Orc:2 ??[=   Shoals:2 *   Shoals:4 %   Vaults:1 (
Vaults:2 !   Depths:1 :}}=   Depths:2 [[}=

Portals:
Hell: Depths:1 Depths:2 Depths:3 Depths:4 Depths:5
Abyss: Crypt:1 Depths:2 Depths:4 Depths:5
Pandemonium: Depths:3 Depths:4
Ziggurat: Depths:5
Trove: D:12 (show slimy rune of Zot)

Annotations:
Vaults:4 exclusion: 2 downstairs


Innate Abilities, Weirdness & Mutations

You have sharp fingernails.
You are partially covered in icy blue scales. (AC +2)
You can translocate small distances at will.
Your flesh is cold resistant. (rC+)
You are somewhat resistant to further mutation.
Your muscles are strong. (Str +2)
You are occasionally teleported next to monsters.
Your spells are much easier to cast, but much less powerful.
You expend magic power (3 MP) to strengthen your wands.


Message History

The titan is empowered by the deep elf high priest's aura! x3
The vault sentinel is empowered by the deep elf high priest's aura!
The fire giant is empowered by the deep elf high priest's aura!
The tengu reaver is empowered by the deep elf high priest's aura!
The deep elf demonologist is empowered by the deep elf high priest's aura!
The hell knight is empowered by the deep elf high priest's aura!
The titan is empowered by the deep elf high priest's aura! x3
The frost giant is empowered by the deep elf high priest's aura!
The vault sentinel is empowered by the deep elf high priest's aura!
The ironbrand convoker is empowered by the deep elf high priest's aura!
The sphinx is empowered by the deep elf high priest's aura!
The vault warden completely misses you. The frost giant closely misses you.
You riposte.
You slice the frost giant!!
The frost giant is severely wounded.
The frost giant hits your dryad but does no damage.
You block the fire giant's attack.
Your dryad completely misses the frost giant.
The titan points at you and mumbles some strange words.
The bolt of lightning hits you! You resist.
You die...

╬....╬ ╬
╬[╬....♣ .╬╬
╬.♣...Λ╬╬(.╬
╬╬♣.╬♣♣│.♣e...
......w.[↑..
╬♣╬╬╬.p.H.[(.╬╬╬
......{[uC[↑...%
.....[CCWCD↑....
.ℓ[..WC@CCCp↑...
.♣──wRWoCQcp....
♣╬╬╬╬epHppC..╬♣


kDCDcSℓ.y..╬ DCDW╬.♣w.╬.... ╬╬♣p(╬..e.╬♣... ╬.(╬....╬ ♣( ╬..╬....╬ You could see
3 shadow dragons, 7 titans, a storm dragon, a frost giant, a green very ugly
thing, a fire giant, an ice dragon, 2 sphinxes, 2 stone giants, 2 vault wardens,
a tengu reaver, 2 yaktaur captains, an orc knight, an ettin, a hell knight, a
deep elf elementalist, a wind drake shaped shifter, a deep elf demonologist, 2
vault sentinels, a moth of wrath shaped shifter, a deep elf high priest, 3
phantasmal warriors, 2 ironbrand convokers, a freezing wraith, a black mamba
shaped shifter, a glaive of flaming, a battlesphere, a friendly dryad and 3
friendly snaplasher vines.

Vanquished Creatures
  An ancient lich (Depths:3)
  A greater mummy (Crypt:3)
  Boris (Vaults:4)
  Margery (Depths:2)
  2 golden dragons
  7 liches
  Arachne (Spider:1)
  Jory (Depths:4)
  Jorgrun (Vaults:2)
  3 tentacled monstrosities
  A titan (Vaults:5)
  Rupert (Lair:5)
  2 quicksilver dragons
  A kraken (Shoals:3)
  4 ancient champions
  Kirke (Lair:5)
  An eldritch tentacle (WizLab)
  7 sphinxes
  Frances (D:14)
  2 tentacled starspawn (WizLab)
  2 tengu reavers
  Ilsuiw (Shoals:4)
  3 shadow dragons
  The ghost of Mazroku the Imperceptible, an adept KoWn of Okawaru (Spider:3)
  A storm dragon (D:15)
  2 revenants (Crypt:1)
  7 ghost moths
  An iron dragon (Vaults:4)
  5 fire giants
  8 emperor scorpions
  7 frost giants
  A draconian zealot (Depths:5)
  2 curse skulls
  4 deep elf sorcerers
  A reaper (Crypt:2)
  6 vault wardens
  4 draconian shifters
  A spriggan defender (Depths:3)
  7 ghouls
  A war gargoyle (Vaults:3)
  16 ironheart preservers
  10 vampire knights
  4 draconian annihilators (Depths:3)
  An entropy weaver (shapeshifter) (Depths:1)
  19 very ugly things
  20 stone giants
  4 entropy weavers
  A deep elf demonologist (Depths:3)
  A juggernaut skeleton (Crypt:1)
  A dire elephant (Lair:2)
  A yellow draconian (Depths:5)
  2 black draconians (Depths:5)
  14 spark wasps
  A white draconian (Depths:5)
  A deep elf annihilator (Depths:3)
  4 purple draconians (Depths:5)
  3 merfolk javelineers (Shoals:4)
  10 ettins
  Snorg (Lair:4)
  9 merfolk impalers
  7 jiangshi
  7 eidola
  2 deep elf death magi
  2 crystal guardians (Depths:2)
  A green death (Depths:4)
  5 mummy priests (Crypt:3)
  12 fire dragons
  19 ogre magi
  A minotaur (Lab)
  13 great orbs of eyes
  A deep elf high priest (Vaults:5)
  31 vault guards
  18 yaktaur captains
  Fannar (Lair:1)
  3 hydras
  11 ice dragons
  3 merfolk avatars
  7 rakshasas
  5 spriggan air magi
  2 catoblepae
  13 death knights
  12 merfolk aquamancers
  A quicksilver dragon skeleton (Crypt:1)
  12 centaur warriors
  The ghost of Ajonos the Thaumaturge, a journeyman DsNe of Sif Muna (Lair:2)
  A dancing weapon (Vaults:5)
  A death yak (Shoals:2)
  5 deep troll earth magi
  7 tengu warriors
  8 death scarabs (Spider:4)
  5 deep troll shamans
  A hell hog (Depths:3)
  8 spriggan berserkers
  7 vampire magi
  8 hell knights
  2 thrashing horrors (WizLab)
  An orc high priest (Bailey)
  4 deep elf knights
  5 soul eaters
  2 hellephant skeletons (Crypt:3)
  Sonja (Lair:4)
  Urug (D:12)
  An iron troll (Depths:2)
  15 shadow wraiths
  A spectral emperor scorpion (Spider:4)
  A fire crab (Lair:6)
  47 skeletal warriors
  7 unseen horrors
  4 sixfirhies
  A death drake (shapeshifter) (Depths:3)
  11 sea snakes
  20 deep trolls
  A torturous demonspawn (Depths:4)
  17 hill giants
  4 glowing orange brains
  15 flayed ghosts
  A hill giant (shapeshifter) (D:15)
  13 phantasmal warriors
  A lindwurm (Lair:6)
  10 wizards
  An obsidian statue (WizLab)
  8 deep elf archers
  12 ironbrand convokers
  A shadow dragon zombie (Crypt:3)
  25 harpies
  3 wolf spider zombies
  8 spectral wolf spiders (Spider:4)
  8 necromancers
  A hell hog zombie (Crypt:2)
  2 harpies (shapeshifter)
  2 golden dragon skeletons
  18 orc knights
  23 orb spiders
  An orb spider (shapeshifter) (D:15)
  14 deep elf magi
  14 manticores
  A shadow dragon skeleton (Crypt:1)
  5 orc sorcerers
  An iron dragon zombie (Crypt:3)
  32 wolf spiders
  4 moths of wrath
  4 fauns
  44 ugly things
  14 cyclopes
  An iron dragon skeleton (Depths:1)
  A frost giant skeleton (Crypt:3)
  6 sirens
  A fire giant skeleton (Crypt:3)
  2 black mambas
  A guardian serpent (WizLab)
  A stone giant skeleton (Crypt:1)
  Joseph (D:7)
  4 water nymphs
  11 vault sentinels
  17 elephants (Lair:2)
  A smoke demon (WizLab)
  2 torpor snails
  A shock serpent skeleton (Crypt:2)
  4 centaur skeletons
  A gargoyle (D:13)
  3 human zombies (Vaults:4)
  2 kobold demonologists (Depths:3)
  A spriggan zombie (Depths:1)
  A yaktaur (shapeshifter) (D:15)
  46 yaktaurs
  2 emperor scorpion zombies (Crypt:1)
  12 spiny frogs
  A komodo dragon (shapeshifter) (D:13)
  A rime drake (Lair:6)
  6 spectral redbacks (Spider:4)
  6 komodo dragons
  15 demonic crawlers
  An efreet (D:14)
  19 freezing wraiths
  An ice devil (WizLab)
  A redback zombie (Spider:4)
  A tengu conjurer (D:14)
  An ancient zyme (WizLab)
  A harpy zombie (Crypt:2)
  A human skeleton (Vaults:4)
  A black draconian skeleton (Crypt:1)
  A silent spectre (Depths:3)
  34 guardian mummies (Crypt:3)
  A merfolk (shapeshifter) (Depths:3)
  3 polar bears
  20 trolls
  3 spectral tarantellas (Spider:4)
  A hornet (shapeshifter) (D:15)
  24 merfolk
  7 bog bodies
  A queen bee (D:9)
  2 wind drakes (Shoals:4)
  31 jumping spiders
  33 two-headed ogres
  A two-headed ogre (shapeshifter) (Vaults:1)
  19 hornets
  13 blink frogs
  A wolf spider simulacrum (D:15)
  A jumping spider zombie (Spider:4)
  8 snapping turtles
  2 spectral jumping spiders (Spider:4)
  A tarantella zombie (Spider:4)
  A snapping turtle (shapeshifter) (Vaults:1)
  13 dream sheep
  An ice dragon zombie (Crypt:3)
  A blink frog (shapeshifter) (Depths:3)
  11 hippogriffs
  A deep troll zombie (Depths:1)
  26 slime creatures
  A fire dragon skeleton (Crypt:2)
  9 shadows
  5 flying skulls
  22 wraiths
  An ettin skeleton (Crypt:2)
  3 centaur simulacra (D:15)
  2 vampires
  An ice dragon skeleton (Depths:1)
  3 ushabtiu (Crypt:3)
  17 spriggans
  3 air elementals
  58 redbacks
  A fire elemental (WizLab)
  32 tarantellas
  7 wyverns
  2 large abominations (WizLab)
  30 water elementals
  2 small abominations (WizLab)
  22 humans (D:13)
  2 steam dragons
  48 yaks
  A hog (Lair:5)
  2 humans (shapeshifter)
  3 hungry ghosts
  4 basilisks
  13 vampire mosquitoes
  2 chaos spawn
  A yaktaur simulacrum (Depths:1)
  4 spatial vortices (WizLab)
  A warg (Vaults:3)
  A warg (shapeshifter) (Vaults:2)
  7 mottled dragons
  4 insubstantial wisps (WizLab)
  A soldier ant (D:11)
  Duvessa (D:4)
  2 spectral hornets (Spider:4)
  19 water moccasins
  47 orc warriors
  7 porcupines
  A meliai simulacrum (D:15)
  5 ice beasts
  9 black bears
  4 sky beasts
  An eye of draining (shapeshifter) (Vaults:1)
  2 faun skeletons
  8 boggarts
  4 eyes of draining
  29 wolves
  72 ogres
  A necrophage (D:8)
  A blink frog skeleton (Crypt:2)
  20 centaurs
  16 crocodiles
  5 big kobolds
  24 bullfrogs
  A wyvern skeleton (D:8)
  A water moccasin zombie (D:10)
  Dowan (D:4)
  9 scorpions
  A troll zombie (Crypt:2)
  A cyclops skeleton (Crypt:3)
  A snapping turtle simulacrum (Crypt:1)
  6 wights
  32 killer bees
  8 electric eels
  4 howler monkeys
  17 crimson imps
  4 bullfrog zombies
  7 centaur zombies
  4 jellies
  4 quasits
  8 hounds
  4 bullfrog skeletons
  16 orc priests
  38 orc wizards
  Jessica (D:7)
  4 iguanas
  7 hell rats (Lair:6)
  4 worker ants
  A killer bee zombie (D:9)
  3 hound zombies
  18 mummies
  2 howler monkey zombies
  4 worker ant zombies
  Robin (D:2)
  3 gnolls (Bailey)
  15 adders
  A shadow imp (WizLab)
  An ooze (D:2)
  An adder zombie (D:9)
  2 adder skeletons
  A worm (D:5)
  A worm (shapeshifter) (Depths:1)
  3 dart slugs
  5 leopard geckos
  115 orcs
  A ball python (D:1)
  8 giant cockroaches
  23 goblins
  20 hobgoblins
  25 jackals
  6 quokkas
  A ball python skeleton (D:6)
  6 bats
  A dart slug zombie (Crypt:1)
  3 frilled lizards (D:1)
  A gnoll zombie (Crypt:3)
  A goblin zombie (D:6)
  A jackal skeleton (D:5)
  35 kobolds
  A kobold skeleton (Crypt:1)
  A kobold zombie (D:6)
  2 leopard gecko zombies (Ossuary)
  5 rats
  2 crawling corpses (Vaults:2)
  A lurking horror (WizLab)
  5 plants
  3 tentacles (Shoals:3)
  A withered plant (Ossuary)
2446 creatures vanquished.

Vanquished Creatures (collateral kills)
  Nikola (Spider:1)
  Polyphemus (Shoals:2)
  An ancient champion (Crypt:3)
  A revenant (Crypt:1)
  Louise (Depths:3)
  A frost giant (Vaults:5)
  An ironheart preserver (Vaults:5)
  A spriggan defender (Depths:3)
  2 very ugly things
  A green draconian (Depths:5)
  A stone giant (Depths:5)
  2 spark wasps (Depths:5)
  A mummy priest (Crypt:3)
  An eidolon (Crypt:3)
  3 deep elf death magi
  A fire dragon (Depths:2)
  An ettin (Depths:1)
  2 crystal guardians (Depths:2)
  A spriggan air mage (Depths:3)
  An ice dragon (Depths:5)
  A hydra (Lair:2)
  A death knight (Vaults:3)
  A merfolk aquamancer (Shoals:2)
  A merfolk avatar (Shoals:4)
  2 centaur warriors (D:15)
  An ogre mage (Depths:4)
  2 death yaks (Shoals:2)
  A deep troll shaman (Vaults:5)
  4 spriggan berserkers
  A shadow wraith (Crypt:3)
  A spark wasp zombie (Crypt:3)
  4 skeletal warriors
  A sea snake (Shoals:3)
  A hell knight (Depths:5)
  A deep troll (Vaults:5)
  3 harpies
  An orange crystal statue (Depths:2)
  2 phantasmal warriors
  2 ironbrand convokers (Vaults:3)
  A wolf spider (Spider:1)
  A necromancer (Depths:2)
  An ugly thing (Depths:2)
  A manticore (D:15)
  2 sirens
  A water nymph (Shoals:2)
  A vault sentinel (Vaults:5)
  5 yaktaurs
  2 tengu conjurers (Depths:4)
  3 guardian mummies (Crypt:3)
  2 merfolk (Shoals:4)
  2 hornets
  A two-headed ogre (Depths:4)
  A blink frog (Lair:1)
  A hippogriff (shapeshifter) (Depths:5)
  2 flying skulls (Crypt:3)
  2 spriggans
  2 water elementals
  4 ushabtiu (Crypt:3)
  2 vampire mosquitoes (D:15)
  A necrophage (Crypt:3)
  2 ogres
  A boggart (Depths:3)
  A centaur (D:15)
  2 mummies (Crypt:3)
  An orc (Vaults:5)
  A river rat zombie (Crypt:3)
  A tentacle (Shoals:3)
103 creatures vanquished.

Vanquished Creatures (others)
  Asterion (Spider:2)
  Nessos (D:15)
  A yaktaur captain (Vaults:1)
  4 centaur warriors
  2 satyrs
  An ironbrand convoker (Vaults:3)
  A harpy (Shoals:4)
  2 deep elf archers (Vaults:1)
  An orb spider (Spider:1)
  A faun (Shoals:3)
  5 yaktaurs
  2 jumping spiders
  A blink frog (WizLab)
  A bog body (Crypt:3)
  2 humans
  6 centaurs
  2 orcs
  A bush (Lair:6)
  45 fungi
  22 plants
  8 snaplasher vines
  22 spectral weapons
  4 starspawn tentacles (WizLab)
  8 tentacles (Shoals:3)
  3 withered plants (Ossuary)
147 creatures vanquished.

Grand Total: 2696 creatures vanquished

Notes
Turn   | Place    | Note
-------+----------+-------------------------------------------
     0 | D:1      | shpingle the High Elf Gladiator began the quest for the Orb.
     0 | D:1      | Reached XP level 1. HP: 14/14 MP: 2/2
   481 | D:1      | Reached XP level 2. HP: 18/19 MP: 3/3
  1081 | D:1      | Reached XP level 3. HP: 24/24 MP: 4/4
  1294 | D:2      | Reached skill level 4 in Dodging
  1372 | D:2      | Noticed Robin
  1379 | D:2      | Killed Robin
  1749 | D:2      | Reached XP level 4. HP: 29/29 MP: 5/5
  1897 | D:2      | Learned a level 1 spell: Beastly Appendage
  2498 | D:3      | Found a shimmering altar of Xom.
  2571 | D:3      | Reached XP level 5. HP: 34/34 MP: 7/7
  2584 | D:3      | Paralysed by a crimson imp for 4 turns
  2596 | D:3      | Reached skill level 5 in Dodging
  3291 | D:3      | Reached XP level 6. HP: 39/39 MP: 9/9
  3417 | D:4      | Reached skill level 6 in Long Blades
  3486 | D:4      | Found a staircase to the Ecumenical Temple.
  3507 | Temple   | Entered the Ecumenical Temple
  3639 | Temple   | Became a worshipper of the Shining One
  3754 | D:4      | Noticed Duvessa
  3768 | D:4      | Noticed Dowan
  3772 | D:4      | Killed Duvessa
  3772 | D:4      | Reached skill level 6 in Dodging
  3781 | D:4      | Killed Dowan
  3781 | D:4      | Reached XP level 7. HP: 44/45 MP: 11/11
  4107 | D:5      | Entered Level 5 of the Dungeon
  4131 | D:5      | Found a faded altar of an unknown god.
  4131 | D:5      | Found a faded altar of an unknown god.
  4136 | D:5      | Found a faded altar of an unknown god.
  4138 | D:5      | Found a faded altar of an unknown god.
  4139 | D:5      | Found a radiant altar of Vehumet.
  5159 | D:6      | Reached skill level 7 in Dodging
  5182 | D:6      | Noticed a hand axe
  5185 | D:6      | Noticed a dagger
  5251 | D:6      | Found a hide-covered altar of Uskayaw.
  5283 | D:6      | Found a sand-covered staircase.
  5283 | D:6      | Reached * piety under the Shining One
  5294 | Ossuary  | Entered an ossuary
  5367 | Ossuary  | Reached XP level 8. HP: 45/50 MP: 12/12
  5681 | Ossuary  | Reached ** piety under the Shining One
  6288 | D:6      | Found a sacrificial altar of Ru.
  6331 | D:6      | Learned a level 1 spell: Apportation
  6333 | D:6      | Learned a level 1 spell: Animate Skeleton
  6335 | D:6      | Learned a level 1 spell: Summon Small Mammal
  6338 | D:6      | Learned a level 2 spell: Sticks to Snakes
  6427 | D:6      | Reached skill level 8 in Dodging
  7211 | D:7      | Reached skill level 3 in Shields
  7363 | D:7      | Reached XP level 9. HP: 43/54 MP: 13/13
  7569 | D:7      | Reached skill level 3 in Evocations
  7660 | D:7      | Got a translucent flail
  7767 | D:7      | Reached skill level 9 in Long Blades
  7895 | D:7      | Noticed Jessica
  7897 | D:7      | Killed Jessica
  8118 | D:7      | Noticed Joseph
  8118 | D:7      | Reached *** piety under the Shining One
  8128 | D:7      | Killed Joseph
  8128 | D:7      | Reached skill level 3 in Armour
  8128 | D:7      | Reached skill level 9 in Dodging
  8215 | D:7      | Found a sparkling altar of Nemelex Xobeh.
  8736 | D:8      | Gained mutation: Your flesh is cold resistant. (rC+) [potion of mutation]
  8736 | D:8      | Gained mutation: You are clumsy. (Dex -2) [potion of mutation]
  8736 | D:8      | Gained mutation: You are weak. (Str -2) [potion of mutation]
  8737 | D:8      | Gained mutation: You have sharp fingernails. [potion of mutation]
  8737 | D:8      | Gained mutation: You have sharp toenails. [potion of mutation]
  8737 | D:8      | Gained mutation: You are very weak. (Str -4) [potion of mutation]
  9019 | D:8      | Found a staircase to the Lair.
  9167 | D:8      | Reached XP level 10. HP: 60/60 MP: 14/14
  9846 | D:9      | Found a shattered altar of Ashenzari.
 10011 | D:9      | Noticed a yaktaur captain
 10022 | D:9      | Killed a yaktaur captain
 10022 | D:9      | Reached skill level 10 in Dodging
 10066 | D:9      | Found Cuonuf's General Store.
 10071 | D:9      | Bought the +0 pair of fencer's gloves {+Riposte Dex+3} for 267 gold pieces
 10188 | D:9      | Reached **** piety under the Shining One
 10748 | D:9      | Noticed a deep elf archer
 10764 | D:9      | Killed a deep elf archer
 10764 | D:9      | Reached skill level 3 in Spellcasting
 10768 | D:9      | Learned a level 2 spell: Song of Slaying
 10808 | D:9      | Got a transparent scimitar
 10809 | D:9      | Identified the +10 scimitar of Precise Incision {slice, +Fly Dex+7} (You found it on level 9 of the Dungeon)
 10878 | D:9      | Noticed an ogre mage
 10881 | D:9      | Killed an ogre mage
 10881 | D:9      | Reached skill level 11 in Dodging
 10881 | D:9      | Reached XP level 11. HP: 64/64 MP: 17/17
 10958 | D:9      | Noticed a fire dragon
 10964 | D:9      | Killed a fire dragon
 11046 | D:9      | Reached skill level 3 in Invocations
 11217 | Lair:1   | Entered Level 1 of the Lair of Beasts
 11245 | Lair:1   | Reached skill level 12 in Long Blades
 11825 | Lair:1   | Noticed Fannar
 11854 | Lair:1   | Killed Fannar
 11854 | Lair:1   | Reached skill level 3 in Charms
 11958 | Lair:1   | Reached ***** piety under the Shining One
 12658 | Lair:2   | Reached skill level 6 in Armour
 12766 | Lair:2   | Noticed a five-headed hydra
 12792 | Lair:2   | Killed a seven-headed hydra
 12832 | Lair:2   | Reached skill level 12 in Dodging
 12859 | Lair:2   | Reached XP level 12. HP: 53/70 MP: 10/21
 13004 | Lair:2   | Noticed Ajonos's ghost (journeyman DsNe)
 13022 | Lair:2   | Killed Ajonos's ghost
 13062 | Lair:2   | Found a labyrinth entrance.
 13071 | Lab      | Entered a labyrinth
 13612 | Lab      | Reached skill level 6 in Spellcasting
 13830 | Lab      | Noticed a minotaur
 13839 | Lab      | Killed a minotaur
 13841 | Lab      | Got a vibrating diamond amulet
 13842 | Lab      | Got a warped robe
 13899 | Lab      | Got a brightly glowing ring mail
 13905 | Lab      | Identified the +4 ring mail "Beacir" {rCorr MP+9 Dex-3} (You found it in a labyrinth)
 13917 | Lab      | Identified the cursed +0 robe of Compression {Regen+} (You took it off a minotaur in a labyrinth)
 13934 | Lab      | Identified a +2 rod of clouds (14/14) (You found it in a labyrinth)
 13935 | Lab      | Identified a +6 rod of inaccuracy (13/13) (You took it off a minotaur in a labyrinth)
 14192 | Lair:2   | Reached skill level 6 in Invocations
 14254 | Lair:2   | Noticed a dire elephant
 14281 | Lair:2   | Killed a dire elephant
 14387 | Lair:2   | Reached skill level 14 in Long Blades
 14826 | Lair:2   | Reached skill level 3 in Fighting
 15048 | Lair:3   | Found a hole to the Spider Nest.
 15312 | D:8      | Learned a level 3 spell: Spectral Weapon
 15315 | D:8      | Learned a level 2 spell: Shroud of Golubria
 15319 | D:8      | Learned a level 3 spell: Portal Projectile
 15323 | D:8      | Learned a level 3 spell: Regeneration
 15370 | D:10     | Entered Level 10 of the Dungeon
 15477 | Lair:3   | Reached XP level 13. HP: 78/78 MP: 24/24
 15834 | Lair:3   | Reached skill level 6 in Charms
 15858 | Lair:3   | Got a brightly glowing copper ring
 15860 | Lair:3   | Identified the ring "Contuc" {rC+ EV+4 Slay+2} (You found it on level 3 of the Lair of Beasts)
 16093 | Lair:3   | Found a staircase to the Shoals.
 16638 | Lair:4   | Noticed Snorg
 16648 | Lair:4   | Killed Snorg
 16780 | Lair:4   | Reached skill level 3 in Translocations
 16916 | Lair:4   | Noticed Sonja
 16946 | Lair:4   | Killed Sonja
 16992 | Lair:4   | Reached skill level 13 in Dodging
 17649 | Lair:5   | Noticed Kirke
 17669 | Lair:5   | Killed Kirke
 17731 | Lair:5   | Identified the Tome of Supportive Combat Magic
 17736 | Lair:5   | Learned a level 3 spell: Static Discharge
 17785 | Lair:5   | Noticed Rupert
 17796 | Lair:5   | Killed Rupert
 17796 | Lair:5   | Reached skill level 3 in Transmutations
 17902 | Lair:5   | Identified the amulet of Caehim {Reflect Dex+2 SH+2} (You took it off a minotaur in a labyrinth)
 18001 | Lair:5   | Found a staircase to the Slime Pits.
 18006 | Slime:1  | Entered Level 1 of the Pits of Slime
 18021 | Slime:1  | Noticed an azure jelly
 18385 | Lair:6   | Entered Level 6 of the Lair of Beasts
 18443 | Lair:6   | Reached skill level 6 in Fighting
 18808 | Lair:6   | Found a glowing golden altar of the Shining One.
 19042 | Lair:6   | Reached XP level 14. HP: 90/90 MP: 26/26
 19515 | Lair:6   | Got a serpentine turquoise ring
 19517 | Lair:6   | Identified the ring "Vuofin" {rPois Str+3 Int+4 Dex+2} (You found it on level 6 of the Lair of Beasts)
 20401 | D:10     | Reached skill level 3 in Conjurations
 20649 | D:10     | Lost mutation: You are clumsy. (Dex -2) [mutagenic meat]
 20712 | D:10     | Reached skill level 3 in Air Magic
 21252 | D:11     | Reached ****** piety under the Shining One
 21837 | D:12     | Found a flagged portal.
 21844 | D:12     | Noticed Urug
 21858 | D:12     | Killed Urug
 21885 | D:12     | Identified the Handbook of Flying Companions
 21921 | Bailey   | Entered a bailey
 21956 | Bailey   | Found an iron altar of Okawaru.
 22726 | D:12     | Found a staircase to the Orcish Mines.
 22735 | Orc:1    | Entered Level 1 of the Orcish Mines
 22737 | Orc:1    | Noticed a stone giant
 22867 | Orc:1    | Killed a stone giant
 22867 | Orc:1    | Reached skill level 6 in Evocations
 23059 | Orc:1    | Found Veosofo's General Store.
 23241 | Orc:1    | Bought a scroll of blinking for 90 gold pieces
 23364 | Orc:1    | You fall through a shaft!
 23364 | Orc:2    | Entered Level 2 of the Orcish Mines
 23374 | Orc:2    | Found a staircase to the Elven Halls.
 24164 | Orc:2    | Reached XP level 15. HP: 76/97 MP: 28/28
 24182 | Orc:2    | Reached skill level 3 in Hexes
 24194 | Orc:2    | Found Reovap's Magic Scroll Shoppe.
 24197 | Orc:2    | Found Moem's Armour Shoppe.
 24201 | Orc:2    | Found Mobuq's Jewellery Shop.
 24206 | Orc:2    | Found Goxobic's Magic Scroll Emporium.
 24242 | Orc:2    | Reached skill level 6 in Shields
 24242 | Orc:2    | Reached skill level 3 in Necromancy
 24273 | Orc:2    | Bought a scroll of immolation for 42 gold pieces
 24687 | Orc:2    | Bought the +3 buckler of Courage {*Drain rElec Dex+5 Stlth+} for 576 gold pieces
 24701 | Orc:2    | Got a jewelled shield
 24713 | Orc:2    | Bought a scroll of identify for 24 gold pieces
 24713 | Orc:2    | Identified the +2 shield of Ihaj {Int+4 Stlth+} (You acquired it on level 2 of the Orcish Mines)
 24724 | Orc:2    | Bought a scroll of summoning for 161 gold pieces
 24724 | Orc:2    | Bought a scroll of acquirement for 884 gold pieces
 24724 | Orc:2    | Bought a scroll of teleportation for 51 gold pieces
 25301 | D:12     | Identified a +3 double sword of holy wrath (a +1 double sword of protection blessed by the Shining One)
 25301 | D:12     | Received a gift from the Shining One
 25484 | D:12     | Found a portal to a secret trove of treasure.
 25588 | D:8      | Learned a level 1 spell: Summon Butterflies
 25592 | D:8      | Learned a level 3 spell: Call Canine Familiar
 25804 | Orc:2    | Bought a scroll of enchant armour for 90 gold pieces
 26356 | D:13     | Found a gate to the Vaults.
 26364 | D:13     | Reached skill level 9 in Spellcasting
 26827 | D:13     | Reached skill level 3 in Throwing
 26827 | D:13     | Reached skill level 6 in Translocations
 26892 | D:13     | Identified the Grimoire of Ensnaring Envenoming
 27075 | D:13     | Gained mutation: Your spells are a little easier to cast, but a little less powerful. [mutagenic meat]
 27371 | D:14     | Noticed Frances
 27383 | D:14     | Killed Frances
 27383 | D:14     | Reached skill level 3 in Summonings
 27425 | D:14     | Reached skill level 14 in Dodging
 27438 | D:14     | Gained mutation: Armour fits poorly on your strangely shaped body. [mutagenic meat]
 27629 | D:13     | Gained mutation: Your spells are easier to cast, but less powerful. [potion of mutation]
 27629 | D:13     | Lost mutation: You are very weak. (Str -4) [potion of mutation]
 27757 | D:8      | Gained mutation: You can translocate small distances at will. [potion of mutation]
 27758 | D:8      | Lost mutation: You are weak. (Str -2) [potion of mutation]
 27758 | D:8      | Gained mutation: Your spells are much easier to cast, but much less powerful. [potion of mutation]
 27759 | D:8      | Gained mutation: You are occasionally teleported next to monsters. [potion of mutation]
 27759 | D:8      | Lost mutation: Armour fits poorly on your strangely shaped body. [potion of mutation]
 27879 | D:14     | Reached skill level 9 in Invocations
 28586 | D:15     | Entered Level 15 of the Dungeon
 28679 | D:15     | Lost mutation: You have sharp toenails. [mutagenic meat]
 28687 | D:15     | Found a sparkling altar of Nemelex Xobeh.
 28687 | D:15     | Found a shadowy altar of Dithmenos.
 28722 | D:15     | Found a shadowy altar of Dithmenos.
 28755 | D:15     | Reached XP level 16. HP: 106/106 MP: 30/30
 28851 | D:15     | Gained mutation: You are somewhat resistant to further mutation. [mutagenic meat]
 28852 | D:15     | Gained mutation: Your muscles are strong. (Str +2) [mutagenic meat]
 28949 | D:15     | Noticed a sphinx
 28966 | D:15     | Killed a sphinx
 28966 | D:15     | Reached skill level 9 in Fighting
 29063 | D:15     | Gained mutation: You are partially covered in icy blue scales. (AC +2) [mutagenic meat]
 29131 | D:15     | Paralysed by a great orb of eyes for 2 turns
 29263 | D:15     | Reached skill level 6 in Air Magic
 29301 | D:15     | Noticed a storm dragon
 29310 | D:15     | Killed a storm dragon
 29624 | D:15     | Noticed Nessos
 29640 | D:15     | Killed Nessos
 29752 | D:15     | Found a staircase to the Depths.
 30282 | D:6      | Found a sacrificial altar of Ru.
 30350 | D:6      | Found a hide-covered altar of Uskayaw.
 31002 | D:7      | Found a sparkling altar of Nemelex Xobeh.
 31406 | D:8      | Found a staircase to the Lair.
 31889 | D:9      | Found Cuonuf's General Store.
 32083 | D:9      | Found a shattered altar of Ashenzari.
 33527 | D:11     | Gained mutation: You expend magic power (3 MP) to strengthen your wands. [mutagenic meat]
 33963 | Orc:2    | Found a staircase to the Elven Halls.
 34084 | Orc:2    | Found Moem's Armour Shoppe.
 34091 | Orc:2    | Found Reovap's Magic Scroll Shoppe.
 34093 | Orc:2    | Found Mobuq's Jewellery Shop.
 34100 | Orc:2    | Found Goxobic's Magic Scroll Emporium.
 34575 | D:15     | Found a sparkling altar of Nemelex Xobeh.
 34576 | D:15     | Found a shadowy altar of Dithmenos.
 34576 | D:15     | Found a shadowy altar of Dithmenos.
 34639 | D:15     | Found a staircase to the Depths.
 35366 | Spider:1 | Entered Level 1 of the Spider Nest
 35463 | Spider:1 | Reached skill level 6 in Transmutations
 35886 | Spider:1 | Noticed Nikola
 35929 | Spider:1 | Killed Nikola
 36783 | Spider:2 | Reached XP level 17. HP: 107/114 MP: 27/31
 36873 | Spider:2 | Reached skill level 6 in Conjurations
 36882 | Spider:2 | Noticed Asterion
 36890 | Spider:2 | Killed Asterion
 36891 | Spider:2 | Noticed Arachne
 36906 | Spider:1 | Killed Arachne
 38383 | Spider:3 | Reached skill level 15 in Dodging
 38841 | Spider:3 | Got a steaming ring mail
 38908 | Spider:3 | Noticed Mazroku's ghost (adept KoWn)
 38918 | Spider:3 | Reached skill level 6 in Hexes
 38923 | Spider:3 | Reached skill level 9 in Armour
 38938 | Spider:3 | Killed Mazroku's ghost
 39411 | D:8      | Identified the cursed +0 ring mail "Bocownatt" {rCorr} (You found it on level 3 of the Spider Nest)
 39791 | Spider:4 | Entered Level 4 of the Spider Nest
 40184 | Spider:4 | Reached skill level 9 in Charms
 40184 | Spider:4 | Reached XP level 18. HP: 122/122 MP: 33/33
 40477 | Spider:4 | Got a gossamer rune of Zot
 41314 | Spider:4 | Got a warped robe
 41689 | Vaults:1 | Entered Level 1 of the Vaults
 41766 | Vaults:1 | Noticed a lich
 41770 | Vaults:1 | Killed a lich
 42107 | Vaults:1 | Reached skill level 9 in Evocations
 42112 | Vaults:1 | Reached skill level 16 in Dodging
 42486 | Vaults:1 | Paralysed by a great orb of eyes for 7 turns
 43089 | Vaults:1 | Learned a level 2 spell: Passwall
 43482 | Vaults:1 | Reached XP level 19. HP: 112/129 MP: 35/35
 43555 | Vaults:1 | Reached skill level 9 in Translocations
 43674 | Vaults:1 | Found Mirurgh's Antique Weapon Boutique.
 44100 | Vaults:2 | Noticed Jorgrun
 44111 | Vaults:2 | Killed Jorgrun
 44392 | Vaults:2 | Identified the +2 robe of Goqisoy {+Inv Str+2} (You found it on level 4 of the Spider Nest)
 44960 | Vaults:2 | Reached skill level 12 in Fighting
 45019 | Vaults:2 | Found Podghura's Distillery.
 45024 | Vaults:2 | Bought a potion of resistance for 140 gold pieces
 45024 | Vaults:2 | Bought a potion of berserk rage for 70 gold pieces
 45609 | Vaults:2 | Found a staircase to the Crypt.
 45796 | Vaults:3 | Identified the Reference Book on Calling and Attacks
 45830 | Vaults:3 | Noticed a lich
 45836 | Vaults:3 | Killed a lich
 45949 | Vaults:3 | Reached skill level 17 in Dodging
 46577 | Vaults:3 | Reached XP level 20. HP: 117/138 MP: 33/36
 48303 | Vaults:4 | Found a magical portal.
 48312 | WizLab   | Entered The Roulette of Golubria
 48325 | WizLab   | Found a corrupted altar of Lugonu.
 48543 | WizLab   | Found a corrupted altar of Lugonu.
 48644 | WizLab   | Found a corrupted altar of Lugonu.
 49014 | WizLab   | Got an ichor-stained cloak
 49028 | WizLab   | Identified Golubria's Almanac of the Voyage
 49032 | WizLab   | Got a shimmering cloak
 49035 | WizLab   | Got a slimy cloak
 49123 | Vaults:4 | Identified the +2 cloak "Ziuskyith" {rF- rCorr Int+7} (You found it in a wizard's laboratory)
 49133 | Vaults:4 | Identified the cursed +0 cloak "Resch" {rC+ rN+ Dex+2} (You found it in a wizard's laboratory)
 49144 | Vaults:4 | Identified the +0 cloak of Ubeddypn {rF++} (You found it in a wizard's laboratory)
 49186 | Vaults:4 | Reached skill level 12 in Spellcasting
 49291 | Vaults:4 | Noticed Boris
 49304 | Vaults:4 | Killed Boris
 49304 | Vaults:4 | Reached skill level 12 in Invocations
 49621 | Vaults:4 | Learned a level 3 spell: Lesser Beckoning
 49626 | Vaults:4 | Learned a level 4 spell: Passage of Golubria
 49632 | Vaults:4 | Learned a level 5 spell: Summon Forest
 50903 | D:8      | Learned a level 4 spell: Force Lance
 52022 | Shoals:1 | Entered Level 1 of the Shoals
 52808 | Shoals:2 | Reached XP level 21. HP: 145/145 MP: 35/38
 52820 | Shoals:2 | Got a jewelled leather armour
 52831 | Shoals:2 | Identified the +2 leather armour of Fortification {MR+ Dex+3} (You found it on level 2 of the Shoals)
 52850 | Shoals:2 | Noticed Polyphemus
 52884 | Shoals:2 | Killed Polyphemus
 52884 | Shoals:2 | Reached skill level 18 in Dodging
 53172 | Shoals:2 | Found Waxyeb's Assorted Antiques.
 54320 | Shoals:4 | Entered Level 4 of the Shoals
 54750 | Shoals:4 | Got a barnacled rune of Zot
 54836 | Shoals:4 | Noticed Ilsuiw
 54885 | Shoals:4 | Killed Ilsuiw
 55130 | Shoals:4 | Reached skill level 14 in Fighting
 55278 | Shoals:4 | Found Inaedaewoa's Food Shoppe.
 56063 | Depths:1 | Entered Level 1 of the Depths
 56127 | Depths:1 | Found Mablehib's Book Shoppe.
 56154 | Depths:1 | Bought a book of Callings for 480 gold pieces
 56416 | D:11     | Learned a level 4 spell: Summon Lightning Spire
 57600 | Depths:1 | Found a snail-covered altar of Cheibriados.
 57647 | Depths:1 | Found a gateway to Hell.
 57718 | Depths:1 | Found Ulef's Gadget Boutique.
 57719 | Depths:1 | Found Quaw's Jewellery Shoppe.
 57720 | Depths:1 | Found Folaq's Gadget Boutique.
 58073 | Depths:2 | Reached skill level 6 in Summonings
 58088 | Depths:2 | Reached XP level 22. HP: 128/155 MP: 24/39
 58092 | Depths:2 | Noticed Louise
 58154 | Depths:2 | Found a runed door.
 58208 | Depths:2 | Noticed a golden dragon
 58224 | Depths:2 | Killed a golden dragon
 58369 | Depths:2 | Reached skill level 12 in Armour
 58556 | Depths:2 | Found Catal's Jewellery Boutique.
 58567 | Depths:2 | Found Bouppoci's Gadget Boutique.
 58567 | Depths:2 | Found Mohoq's Antique Armour Shop.
 58572 | Depths:2 | Found Tiggux's Armour Shop.
 58772 | Depths:2 | Noticed Margery
 58824 | Depths:2 | Killed Margery
 59058 | Depths:2 | Found a one-way gate to the infinite horrors of the Abyss.
 59441 | Depths:2 | Identified a +2 rod of clouds (10/10) (You found it on level 2 of the Depths)
 59748 | Depths:3 | Reached skill level 9 in Shields
 59750 | Depths:3 | Reached skill level 19 in Dodging
 59999 | Depths:3 | Found a one-way gate leading to the halls of Pandemonium.
 60358 | Depths:3 | Killed Louise
 60423 | Depths:3 | Reached skill level 12 in Translocations
 60449 | Depths:3 | Found a runed door.
 61441 | Depths:3 | Reached skill level 12 in Evocations
 61500 | Depths:3 | Noticed an ancient lich
 61510 | Depths:3 | Killed an ancient lich
 62983 | Depths:3 | Reached XP level 23. HP: 151/162 MP: 41/41
 63563 | Depths:4 | Learned a level 2 spell: Repel Missiles
 63576 | Depths:4 | Found a bloodstained altar of Trog.
 63585 | Depths:4 | Identified the Catalogue of Bewitching Talismans
 64276 | Depths:4 | Noticed Jory
 64289 | Depths:4 | Killed Jory
 64543 | Depths:5 | Entered Level 5 of the Depths
 64968 | Depths:5 | Reached skill level 14 in Spellcasting
 64989 | Depths:5 | Reached skill level 20 in Dodging
 65569 | Depths:5 | Found a gate to the Realm of Zot.
 65718 | Depths:5 | Found a gateway to a ziggurat.
 65731 | Depths:5 | Reached XP level 24. HP: 170/170 MP: 36/42
 66533 | Crypt:1  | Entered Level 1 of the Crypt
 66813 | Crypt:1  | Found a shimmering altar of Xom.
 67152 | Crypt:1  | Reached skill level 6 in Throwing
 68726 | Crypt:2  | Reached skill level 9 in Summonings
 69028 | Crypt:3  | Entered Level 3 of the Crypt
 69423 | Crypt:3  | Reached skill level 16 in Fighting
 69788 | Crypt:3  | Paralysed by a lich for 3 turns
 69806 | Crypt:3  | Noticed a greater mummy
 69825 | Crypt:3  | Killed a greater mummy
 69825 | Crypt:3  | Reached skill level 12 in Shields
 69917 | Crypt:3  | Got a twitching tin ring
 70310 | Crypt:3  | Found a staircase to the Tomb.
 70544 | Crypt:3  | Identified the Incunabulum of Dark Magic
 71111 | Vaults:4 | Identified the ring "Bunats" {rCorr *Corrode +Blink +Inv rC-} (You took it off a mummy priest on level 3 of the Crypt)
 71121 | Vaults:5 | Entered Level 5 of the Vaults
 71131 | Vaults:5 | Was placed under penance by the Shining One
 71131 | Vaults:5 | Reached XP level 25. HP: 130/170 MP: 37/42
 71131 | Vaults:5 | Reached skill level 21 in Dodging
 71201 | Vaults:5 | Was forgiven by the Shining One
 71563 | Vaults:5 | Reached skill level 14 in Translocations
 71568 | Vaults:5 | HP: 7/177 [sphinx/divine providence (11)]
 71568 | Vaults:5 | Killed from afar by a titan

Skill      XL: |  1  2  3  4  5  6  7  8  9 10 11 12 13 14 15 16 17 18 19 20 21 22 23 24 25 |
---------------+----------------------------------------------------------------------------+-----
Long Blades    | 4 5 6 7 8 10 11 13 14 | 14.0
Dodging        | 4 5 6 7 8 9 11 12 13 14 15 16 17 18 19 20 21 | 21.2
Spellcasting   | 1 2 3 5 7 8 9 10 11 12 13 14 | 14.9
Transmutations | 1 2 3 4 5 6 7 8 |  8.1
Shields        | 2 3 4 5 6 7 8 9 11 12 | 12.3
Armour         | 1 2 3 5 6 7 8 9 10 11 12 13 | 13.5
Evocations     | 2 4 5 6 7 8 9 10 11 12 13 | 13.6
Invocations    | 2 4 6 7 8 9 10 11 12 | 12.2
Charms         | 1 4 5 6 7 8 9 10 11 | 11.4
Translocations | 1 4 5 6 7 8 9 10 11 12 13 14 | 14.0
Fighting       | 3 6 7 8 9 10 11 12 13 14 15 16 | 16.2
Necromancy     | 1 2 3 4 |  4.0
Conjurations   | 2 3 4 5 6 |  6.0
Air Magic      | 2 3 5 6 7 |  7.0
Hexes          | 2 4 5 6 7 |  7.0
Summonings     | 1 3 4 6 7 8 9 |  9.5
Throwing       | 3 4 5 7 |  7.8

Action                   |  1- 3 |  4- 6 |  7- 9 | 10-12 | 13-15 | 16-18 | 19-21 | 22-24 | 25-27 || total
-------------------------+-------+-------+-------+-------+-------+-------+-------+-------+-------++-------
Melee: Long sword        |    95 |   140 |   449 |   169 |       |       |       |       |       ||   853
       Kick              |       |       |    14 |   282 |   158 |       |       |       |       ||   454
       Scimitar          |       |       |       |   298 |  1000 |  1003 |  1369 |   947 |    60 ||  4677
       Double sword      |       |       |       |       |    53 |   297 |   417 |   733 |       ||  1500
 Fire: Shortbow          |       |       |     1 |       |       |       |       |       |       ||     1
Throw: Stone             |    95 |   128 |    75 |    43 |     7 |       |       |       |       ||   348
       Throwing net      |       |     9 |       |     2 |       |     1 |     1 |     2 |       ||    15
       Tomahawk          |       |       |       |       |       |       |     6 |       |       ||     6
       Javelin           |       |       |       |       |       |       |       |     2 |       ||     2
 Cast: Beastly Appendage |       |       |     1 |       |       |       |       |       |       ||     1
       Sticks to Snakes  |       |       |       |    13 |    17 |       |     5 |     6 |       ||    41
       Song of Slaying   |       |       |       |     2 |    31 |    30 |    44 |    20 |       ||   127
       Summon Small Mamm |       |       |       |     2 |       |       |       |       |       ||     2
       Spectral Weapon   |       |       |       |       |    32 |    23 |    11 |    12 |       ||    78
       Shroud of Golubri |       |       |       |       |    31 |    49 |    42 |    43 |       ||   165
       Call Canine Famil |       |       |       |       |       |     5 |     1 |    24 |       ||    30
       Summon Lightning  |       |       |       |       |       |       |    12 |    27 |     2 ||    41
       Summon Forest     |       |       |       |       |       |       |     1 |    34 |     2 ||    37
       Lesser Beckoning  |       |       |       |       |       |       |     1 |    10 |       ||    11
       Force Lance       |       |       |       |       |       |       |       |     8 |       ||     8
       Summon Butterflie |       |       |       |       |       |       |       |     1 |       ||     1
       Repel Missiles    |       |       |       |       |       |       |       |     2 |       ||     2
Invok: Divine Shield     |       |       |     1 |     1 |     2 |    11 |    26 |    10 |       ||    51
       Cleansing Flame   |       |       |       |       |     2 |     1 |     2 |     6 |     1 ||    12
       Brand Weapon With |       |       |       |       |     1 |       |       |       |       ||     1
       Summon Divine War |       |       |       |       |       |     2 |     6 |     5 |     2 ||    15
 Abil: Evoke Berserk Rag |       |     2 |     8 |    11 |     6 |       |       |       |       ||    27
Evoke: Wand              |       |       |       |     4 |    17 |       |     5 |     3 |     2 ||    31
       Box of beasts     |       |       |       |     1 |       |       |       |       |       ||     1
       Rod               |       |       |       |       |       |       |     4 |     6 |       ||    10
       Phial of floods   |       |       |       |       |       |       |       |       |     1 ||     1
  Use: Scroll            |       |     8 |    15 |     8 |    22 |     7 |    16 |    10 |       ||    86
       Potion            |       |     1 |     5 |     1 |     7 |     6 |     1 |     6 |     4 ||    31
 Stab: Held in net/web   |       |     2 |       |     3 |       |       |       |       |       ||     5
       Sleeping          |       |     1 |       |       |       |       |       |       |       ||     1
       Distracted        |       |       |       |       |       |       |       |     1 |       ||     1
  Eat: Chunk             |     3 |     7 |    12 |    22 |    47 |    50 |    42 |    31 |     2 ||   216
       Meat ration       |       |       |     2 |     2 |     1 |     2 |     1 |       |       ||     8
       Bread ration      |       |       |     1 |       |       |       |       |     2 |       ||     3
       Fruit             |       |       |       |     2 |       |       |       |     1 |       ||     3
       Beef jerky        |       |       |       |     1 |       |       |       |     2 |       ||     3
       Royal jelly       |       |       |       |       |       |     2 |     3 |     2 |       ||     7
       Pizza             |       |       |       |       |       |       |     1 |     2 |     1 ||     4
Armor: Leather armour    |    13 |    37 |    40 |    37 |       |       |       |       |       ||   127
       Ring mail         |       |       |    43 |    18 |    49 |       |       |       |       ||   110
       Fire dragon scale |       |       |       |       |    30 |   213 |   172 |   213 |    23 ||   651
Dodge: Dodged            |    58 |    97 |   243 |   299 |   596 |   971 |   988 |  1162 |   119 ||  4533
       Deflected         |       |       |       |       |       |       |       |    15 |       ||    15
Block: Buckler           |       |       |    51 |    84 |   370 |  1299 |  1708 |  1359 |   109 ||  4980
       Reflection        |       |       |       |       |    20 |    92 |   125 |    57 |     6 ||   300
       Other             |       |       |       |       |       |    42 |       |       |       ||    42
       Rpst.: Long sword |    21 |    31 |    82 |    52 |       |       |       |       |       ||   186
       Scimitar          |       |       |       |    81 |   294 |   279 |   282 |   252 |    41 ||  1229
       Double sword      |       |       |       |       |    10 |    82 |    69 |   171 |       ||   332
